Map: Blackpink LE

Players

RoNKolA

  • Race: Zerg Zerg
  • League: Diamond
  • Spawn Location: 7:00

Dessa - Winner!

  • Race: Zerg Zerg
  • League: Diamond
  • Spawn Location: 1:00

VOD

Have the link to the VOD?

Description

Time

  • Played on: Dec. 12, 2017, 1:16 p.m.
  • Length: 10:18
Show
View Real Time Build Order
Export as new Build Order

RoNKolA Zerg 

Build Orders: Hatch First 

Get SALT Encoding   

  12  0:01  Drone  
  13  0:12  Drone  
  14  0:17  Overlord  
  14  0:35  Drone x3  
  17  0:46  Drone  
  18  0:56  Hatchery  
  17  1:09  Spawning Pool  
  16  1:11  Extractor  
  16  1:14  Drone  
  16  1:21  Drone  
  16  1:23  Drone  
  18  1:29  Overlord  
  18  1:46  Drone  
  19  1:59  Queen  
  21  2:02  Zergling x4  
  21  2:08  Queen  
  23  2:09  Zergling x2  
  26  2:17  Zergling x2  
  26  2:22  Drone  
  28  2:51  Spine Crawler  
  28  2:54  Metabolic Boost  
  27  3:13  Zergling x2  
  28  3:21  Baneling Nest  
  28  3:22  Drone x2  
  28  3:26  Queen  
  31  3:39  Drone  
  32  3:44  Extractor  
  32  3:45  Zergling x8  
  35  3:51  Overlord  
  35  3:56  Drone  
  36  4:26  Drone  
  36  4:27  Drone x2  
  39  4:35  Roach Warren  
  39  4:38  Drone x2  
  40  4:39  Baneling, Hatchery  
  40  4:41  Baneling  
  40  4:43  Baneling  
  31  5:12  Lair  
  31  5:17  Roach x3  
  31  5:18  Roach x3  
  31  5:19  Overlord  
  43  5:36  Drone  
  43  5:38  Overlord x2  
  44  5:45  Roach x2  
  48  5:51  Drone x2  
  48  5:52  Drone x2  
  52  6:00  Roach  
  54  6:10  Overseer  
  54  6:13  Glial Reconstitution  
  54  6:15  Roach x3  
  59  6:29  Roach x2  
  63  6:35  Roach x2, Overlord  
  63  6:39  Drone  
  69  6:40  Drone  
  64  7:02  Roach  
  64  7:03  Drone x3, Roach  
  64  7:05  Drone  
  64  7:06  Roach x2  
  76  7:14  Roach, Queen  
  80  7:26  Burrow  
  80  7:28  Roach, Evolution Chamber  
  80  7:29  Overlord  
  71  7:48  Roach x2  
  73  7:58  Roach x2, Overlord  
  71  8:02  Spine Crawler, Roach  
  71  8:03  Spine Crawler  
  71  8:06  Zerg Ground Armor Level 1  
  71  8:08  Zergling x4  
  73  8:15  Overseer  
  73  8:17  Drone x3  
  76  8:22  Extractor  
  76  8:23  Drone, Extractor  
  75  8:30  Drone  
  75  8:31  Evolution Chamber  
  75  8:54  Spire  
  74  8:56  Drone x2  
  74  9:00  Extractor  
  75  9:04  Roach x2  
  75  9:05  Zergling x12  
  68  9:35  Roach  
  68  9:36  Roach x6  
  45  9:55  Roach  
Show
View Real Time Build Order
Export as new Build Order

Dessa Zerg - Winner!

Build Orders: Pool First 

Get SALT Encoding   

  12  0:01  Drone  
  13  0:11  Drone  
  14  0:26  Spawning Pool  
  13  0:29  Drone  
  14  0:35  Extractor  
  14  0:36  Drone  
  14  0:45  Overlord  
  14  1:13  Zergling x6  
  17  1:30  Hatchery  
  17  1:32  Drone  
  17  1:41  Metabolic Boost  
  17  1:56  Queen  
  20  2:01  Drone  
  20  2:18  Drone x2  
  19  2:50  Overlord  
  19  2:51  Overlord  
  19  2:54  Drone x3  
  22  2:58  Queen  
  22  3:01  Zergling x2  
  25  3:24  Drone  
  25  3:25  Drone x5  
  31  3:31  Roach Warren  
  30  3:42  Drone  
  30  3:43  Drone x2, Overlord  
  30  3:47  Extractor  
  32  3:49  Drone  
  32  3:53  Drone, Evolution Chamber  
  32  3:54  Drone  
  34  4:08  Drone x2  
  36  4:10  Drone x3  
  36  4:11  Overlord  
  36  4:13  Roach  
  41  4:18  Roach  
  42  4:28  Spine Crawler  
  42  4:30  Roach x3  
  47  4:36  Roach x2  
  51  5:01  Queen  
  51  5:02  Queen  
  45  5:09  Drone x3  
  45  5:10  Drone x4  
  52  5:26  Zerg Missile Weapons Level 1  
  52  5:27  Overlord  
  52  5:40  Lair  
  52  5:44  Overlord  
  52  5:47  Roach  
  52  5:48  Roach x3  
  60  5:52  Overlord  
  60  6:04  Drone  
  60  6:05  Drone x3  
  64  6:14  Hatchery, Overlord  
  63  6:34  Drone x2, Extractor  
  63  6:35  Extractor, Roach x5  
  75  6:47  Roach x4  
  69  7:04  Glial Reconstitution  
  69  7:05  Overlord  
  69  7:06  Roach x4  
  77  7:12  Drone x3  
  77  7:13  Roach x2  
  84  7:21  Zerg Ground Armor Level 1  
  84  7:25  Roach  
  84  7:26  Roach  
  88  7:35  Queen  
  88  7:36  Drone  
  88  7:37  Drone x5  
  90  7:45  Roach x4  
  94  7:56  Overlord x2  
  94  7:57  Roach x2  
  94  8:11  Drone x2  
  94  8:12  Drone x2  
  98  8:14  Drone x3  
  98  8:16  Overlord  
  98  8:19  Overlord  
  101  8:20  Pneumatized Carapace  
  101  8:24  Evolution Chamber  
  100  8:30  Ravager x5  
  100  8:32  Zergling x14  
  112  8:42  Drone x3  
  112  8:45  Drone x3  
  112  8:47  Roach x3  
  124  9:03  Roach x3  
  118  9:33  Roach x2  
  118  9:34  Roach x6  
  123  9:59  Extractor  
  120  10:00  Extractor  
Tags
 
Matchup
ZvZ
Race
Zerg
Replay Pack
2017S4
Spawn Locations
Cross Positions
Add a new tag
Caveats
  • Supply blocks, unpowered buildings, or Contaminate may cause inaccurate times.
  • Supply counts are checked every 10 seconds.